 Dungeon Crawl Stone Soup version 0.29.0-4-gdea44cf6ec (webtiles) character file.

Game seed: 493813924372675299

199 qw the Chopper (level 5, 0/30 HPs)
             Began as a Tengu Warper on Aug 28, 2022.
             Slain by Grinder (2 damage)
             ... on level 4 of the Dungeon.
             The game lasted 00:00:17 (3443 turns).

qw the Chopper (Tengu Warper)                       Turns: 3443, Time: 00:00:18

Health: 0/30       AC: 12    Str: 14    XL:     5   Next: 77%
Magic:  9/9        EV:  7    Int: 13    God:
Gold:   177        SH:  0    Dex: 13    Spells: 8/8 levels left

rFire   . . .      SeeInvis .   Y - +0 hand axe (venom)
rCold   . . .      Faith    .   (no shield)
rNeg    . . .      Spirit   .   d - +0 chain mail
rPois   .          Reflect  .   (helmet restricted)
rElec   .          Harm     .   (no cloak)
rCorr   .          Rampage  .   (no gloves)
Will    .....                   (boots unavailable)
Stlth   ..........              (no amulet)
HPRegen 0.10/turn               f - +4 ring of protection
MPRegen 0.11/turn               (no ring)

@: flying quickly and evasively, quick
A: beak, talons 3, nimble flight
a: no special abilities


You were on level 4 of the Dungeon.
You visited 1 branch of the dungeon, and saw 4 of its levels.

You collected 177 gold pieces.


Innate Abilities, Weirdness & Mutations

You have a beak for a mouth.
You have claws for feet.
Your magical nature lets you fly swiftly and evasively.


   Skills:
 - Level 2.0 Fighting
 + Level 6.1 Axes
 - Level 1.0 Throwing
 - Level 2.0 Armour
 - Level 2.1 Dodging
 - Level 2.0 Spellcasting
 - Level 2.4 Translocations


You had 8 spell levels left.
You didn't know any spells.
Your spell library contained the following spells:

 Spells                   Type           Power      Damage    Failure   Level
 Blink                    Tloc           14%        N/A       98%         2
 Gell's Gravitas          Tloc           7%         N/A       100%        3
 Lesser Beckoning         Tloc           7%         N/A       100%        3
 Teleport Other           Tloc           7%         N/A       100%        3
 Manifold Assault         Tloc           7%         N/A       100%        5

Inventory:

Hand Weapons
 k - a +0 whip
 Y - a +0 hand axe of venom (weapon)
Armour
 d - a +0 chain mail (worn)
Jewellery
 f - a +4 ring of protection (left hand)
Potions
 a - a potion of heal wounds
 c - a potion of might {unknown}
 e - a potion of resistance
 h - a potion of lignification {unknown}
 i - a potion of haste {unknown}
 j - 2 potions of curing
 m - a potion of invisibility {unknown}

Dungeon Overview and Level Annotations

Branches:
Dungeon (4/15)
 Temple: D:4-7

Altars:
Wu Jian

Shops:
D:3 :

Annotations:
D:4 Grinder


Message History

The jackal is almost dead.
You kill the jackal!
Grinder says, "What is the universe for?"
Things that are here:
a jackal corpse; a jackal corpse You closely miss Grinder.
You claw Grinder.
Grinder is lightly wounded.
Grinder hits you but does no damage.
You hit Grinder. You peck Grinder.
Grinder is lightly wounded.
Grinder hits you.
You writhe in agony.
You completely miss Grinder. You peck Grinder, but do no damage.
Grinder is lightly wounded.
Grinder gestures at you. Pain shoots through your body!
You barely miss Grinder.
Grinder is lightly wounded.
Grinder hits you but does no damage.
You barely miss Grinder. Your kick misses Grinder. Your peck misses Grinder.
Grinder is lightly wounded.
Grinder blinks!
Grinder hits you but does no damage.
You hit Grinder.
Grinder is lightly wounded.
Grinder rolls her eyes.
Grinder hits you.
You writhe in agony.
You hit Grinder.
Grinder is poisoned.
You claw Grinder, but do no damage.
Grinder is moderately wounded.
Grinder gestures at you.
You barely resist. You barely miss Grinder.
Grinder is moderately wounded.
Grinder closely misses you.
You barely miss Grinder.
Grinder is moderately wounded.
Grinder hits you but does no damage.
You closely miss Grinder.
Grinder is moderately wounded.
Grinder hits you!
You writhe in agony.
You die...

#..#..# #.#####.#
##..##.# #..##...#
###..## ..# ##.......#
....## #..###........#
....# #....#.......#
....# #.............#
....###....#.....%....#
........## #..........#
...)...## #....@.....#
.......# #...5......#
.......# #........?..#
........# #...........#
.........#............#
#.....##..............#
...... .............#
...... .............#
......


You could see Grinder (very poisoned).

Vanquished Creatures
  A howler monkey (D:3)
  A hound (D:4)
  An iguana (D:4)
  2 adders
  3 worms (D:2)
  3 dart slugs
  2 orcs
  8 endoplasms
  A giant cockroach (D:1)
  5 hobgoblins
  6 jackals (D:4)
  4 quokkas
  9 ball pythons
  10 bats
  A frilled lizard (D:1)
  4 goblins
  2 kobolds
  5 rats
68 creatures vanquished.

Notes
Turn   | Place    | Note
-------+----------+-------------------------------------------
     0 | D:1      | qw the Tengu Warper began the quest for the Orb.
     0 | D:1      | Reached XP level 1. HP: 12/12 MP: 4/4
     0 | D:1      | 0 ||| qw: Version: 0.1-a-89-g26bdef1
     0 | D:1      | 0 ||| qw: Game counter: 1628
     0 | D:1      | 0 ||| qw: Always use a shield: true
     0 | D:1      | 0 ||| qw: God list: Okawaru
     0 | D:1      | 0 ||| qw: Allow faded altars: false
     0 | D:1      | 0 ||| qw: Do Orc after D:15 true
     0 | D:1      | 0 ||| qw: Do second Lair branch before Depths: true
     0 | D:1      | 0 ||| qw: Lair rune preference: random
     0 | D:1      | 0 ||| qw: Plans: Normal
     0 | D:1      | 0 ||| PLANNING D:1-11
    60 | D:1      | 60 ||| Stepping ~*~*~tactically~*~*~ (stealth).
   194 | D:1      | Found a faded altar of an unknown god.
   198 | D:1      | Reached skill level 3 in Axes
   198 | D:1      | Reached XP level 2. HP: 17/17 MP: 6/6
   228 | D:1      | 228 ||| Stepping ~*~*~tactically~*~*~ (stealth).
   309 | D:1      | 309 ||| Stepping ~*~*~tactically~*~*~ (stealth).
   311 | D:1      | 311 ||| Stepping ~*~*~tactically~*~*~ (stealth).
   579 | D:1      | Reached XP level 3. HP: 21/21 MP: 7/7
   748 | D:1      | 748 ||| UPGRADING to +0 chain mail.
   758 | D:1      | 758 ||| DROPPING +0 leather armour.
   759 | D:1      | 759 ||| DROPPING +0 ring mail.
   760 | D:1      | 760 ||| UPGRADING to +4 ring of protection.
   761 | D:1      | 761 ||| READING scroll labelled GETOGU XIACEXU.
   762 | D:1      | 762 ||| READING scroll labelled IKUUPUSUEX.
   763 | D:1      | 763 ||| DROPPING scroll of blinking.
   953 | D:2      | Reached skill level 4 in Axes
  1236 | D:2      | 1236 ||| Stepping ~*~*~tactically~*~*~ (stealth).
  1263 | D:2      | 1263 ||| Stepping ~*~*~tactically~*~*~ (hiding).
  1421 | D:2      | Reached XP level 4. HP: 13/26 MP: 8/8
  1591 | D:2      | Found an ornate altar of the Wu Jian Council.
  2136 | D:2      | 2136 ||| READING scroll labelled MODWOS FUXANU.
  2137 | D:2      | 2137 ||| READING scroll labelled KEOQOEG YNWIVYH.
  2138 | D:2      | 2138 ||| READING scroll labelled ARUCRA HOS CAE.
  2139 | D:2      | 2139 ||| DRINKING 2 puce potions.
  2140 | D:2      | 2140 ||| DRINKING 2 murky inky potions.
  2141 | D:2      | 2141 ||| DRINKING 2 fuming orange potions.
  2193 | D:3      | Found Vufofim's Vocational Training.
  2276 | D:3      | Reached skill level 5 in Axes
  2318 | D:3      | Gained mutation: Your magical nature lets you fly swiftly
                  | and evasively. [Tengu growth]
  2318 | D:3      | Reached XP level 5. HP: 22/30 MP: 9/9
  2634 | D:3      | 2634 ||| DROPPING +0 club.
  3253 | D:3      | 3253 ||| READING scroll labelled FODIATO LISOC.
  3339 | D:4      | 3339 ||| Stepping ~*~*~tactically~*~*~ (stealth).
  3377 | D:4      | Reached skill level 6 in Axes
  3428 | D:4      | Noticed Grinder
  3443 | D:4      | HP: 2/30 [Grinder (8)]
  3443 | D:4      | Slain by Grinder

Levels and vault maps discovered:
D:1:      mainiacjoe_arrival_reflecting_pool, layout_basic,
          nicolae_ecumenical_snake_handling, patterned_corridor
D:2:      layout_basic, basic_altar, corexii_corridor_pit
D:3:      layout_loops_corners, nicolae_shop_vocational
D:4:      layout_layer_cave, nicolae_zen_rock_garden, uniq_menkaure, uniq_pikel,
          uniq_eustachio, uniq_grinder

Skill      XL: |  1  2  3  4  5 |
---------------+----------------+-----
Axes           | 3 4 5 6 |  6.1
Armour         | 2 |  2.0
Fighting       | |  2.0
Throwing       | |  1.0
Dodging        | |  2.1
Spellcasting   | |  2.0
Translocations | |  2.4

Action                   |  1- 3 |  4- 6 || total
-------------------------+-------+-------++-------
Melee: Hand axe          |    72 |    87 ||   159
       Kick              |    16 |    26 ||    42
       Peck              |    15 |    11 ||    26
       Punch             |     1 |       ||     1
Throw: Boomerang         |    20 |     4 ||    24
  Use: Scroll            |     2 |     4 ||     6
       Potion            |       |     3 ||     3
Armor: Leather armour    |    12 |       ||    12
       Chain mail        |    22 |    45 ||    67
Dodge: Dodged            |    32 |    11 ||    43

Table legend:
 A = Non-vault XP
 B = Vault XP
 C = Vault XP percentage of total XP
 D = Non-vault monster count
 E = Vault monster count
 F = Vault count percentage of total count
                 A         B        C        D         E       F
            +---------+---------+-------+---------+---------+-------
      Total |     282 |       3 |   1.1 |      66 |       2 |   2.9
            +---------+---------+-------+---------+---------+-------
        D:1 |      34 |       3 |   8.1 |      19 |       2 |   9.5
        D:2 |      70 |       0 |   0.0 |      27 |       0 |   0.0
        D:3 |      85 |       0 |   0.0 |      10 |       0 |   0.0
        D:4 |      93 |       0 |   0.0 |      10 |       0 |   0.0
            +---------+---------+-------+---------+---------+-------
